AoeStats
← Mr_Unorthodox_

Arabia

508789769Analyzed
1v1 RM · 8d ago on Sep 24, 2026· 52m 12s· 2 players
Game mode
Random Map
Map size
Tiny (2 player)
Population
200
Speed
Normal
Resources
Standard
Victory
Conquest
Starting age
Dark Age
Ending age
Imperial Age
RankedLock teamsTeams togetherTeam positionsShared explorationLock speedFull tech treeHidden civsTurbo modeCheats
Victory
Defeat
🇺🇸 Italians · United States
1068
+17
🇦🇷 Byzantines · Argentina
1094
-17
Mr_Unorthodox_
7:36 Loom
10:04 Feudal Age
14:46 Wheelbarrow
14:01 Double-Bit Axe
14:15 Fletching
18:07 Horse Collar
24:31 Castle Age
23:14 Scale Barding Armor
23:22 Bloodlines
24:19 Forging
25:42 Chain Barding Armor
27:58 Bow Saw
31:03 Crossbowman
31:59 Husbandry
38:36 Bodkin Arrow
41:20 Thumb Ring
41:21 Padded Archer Armor
41:40 Heavy Plow
42:50 Sanctity
49:52 Imperial Age
50:39 Light Cavalry
51:01 Cavalier
DL xNOELE
2:37 Loom
10:08 Feudal Age
10:34 Double-Bit Axe
15:51 Horse Collar
21:12 Fletching
23:26 Castle Age
21:44 Padded Archer Armor
24:03 Forging
24:00 Scale Barding Armor
23:33 Crossbowman
24:30 Husbandry
23:53 Light Cavalry
25:24 Leather Archer Armor
33:05 Iron Casting
32:51 Chain Barding Armor
38:27 Elite Skirmisher
40:22 Bodkin Arrow
49:24 Ballistics
54:11 Imperial Age
Connection lost

Rejoining the realm…

Still unreachable

The connection could not be restored.

Session expired

The server has moved on; the page needs a fresh start.